 Dungeon Crawl Stone Soup version 0.29.1-15-g9cfb28693d (webtiles) character file.

Game seed: 15231085296205853868

884 BuddhaDhamma the Cleaver (level 7, -9/57 HPs)
             Began as a Minotaur Berserker on Feb 25, 2023.
             Was a Priest of Trog.
             Killed from afar by a steam dragon (22 damage)
             ... with a ball of steam
             ... on level 5 of the Dungeon.
             The game lasted 00:11:29 (3915 turns).

BuddhaDhamma the Cleaver (Minotaur Berserker)       Turns: 3915, Time: 00:11:29

Health: -9/57      AC: 11    Str: 23    XL:     7   Next: 76%
Magic:  6/6        EV: 11    Int: 11    God:    Trog [***...]
Gold:   249        SH:  0    Dex: 16    Spells: 6/6 levels left

rFire   . . .      SeeInvis .   a - +0 war axe
rCold   . . .      Faith    .   (no shield)
rNeg    . . .      Spirit   .   e - +5 ring mail "Kauryfall" {Int+7}
rPois   .          Reflect  .   (helmet restricted)
rElec   .          Harm     .   (no cloak)
rCorr   .          Rampage  .   (no gloves)
Will    .....                   o - +0 pair of boots
Stlth   +.........              (no amulet)
HPRegen 0.19/turn               i - +6 ring of dexterity
MPRegen 0.10/turn               (no ring)

@: on berserk cooldown, slowed, very slow
A: horns 2, retaliatory headbutt
a: Renounce Religion, Berserk, Trog's Hand


You were on level 5 of the Dungeon.
You worshipped Trog.
Trog was most pleased with you.
You visited 1 branch of the dungeon, and saw 5 of its levels.

You collected 249 gold pieces.

Inventory:

Hand Weapons
 a - a +0 war axe (weapon)
Missiles
 k - 7 boomerangs (quivered)
Armour
 e - the +5 ring mail "Kauryfall" (worn) {Int+7}
   (You found it on level 2 of the Dungeon)

   Int:       It affects your intelligence (+7).
 o - a +0 pair of boots (worn)
Jewellery
 i - a +6 ring of dexterity (left hand)
Wands
 d - a wand of flame (10)
 m - a wand of light (5)
Scrolls
 f - a scroll of blinking
 h - a scroll of identify
 n - a scroll of teleportation
 p - a scroll of noise {unknown}
 q - a scroll of butterflies
Potions
 c - 2 potions of heal wounds
 g - a potion of lignification
 j - 2 potions of might
 l - a potion of curing
 r - 2 potions of mutation


   Skills:
 - Level 3.6 Fighting
 + Level 11.2 Axes
 - Level 2.4 Armour
 - Level 2.1 Dodging


You had 6 spell levels left.
You didn't know any spells.
Your spell library was empty.

Dungeon Overview and Level Annotations

Branches:
Dungeon (5/15)
 Temple: D:4-7

Altars:
Uskayaw

Annotations:
D:4 2 transporters, CrabNicholson's ghost, novice DjGl


Innate Abilities, Weirdness & Mutations

You have a pair of horns on your head.
You reflexively headbutt those who attack you in melee.


Message History

You throw a boomerang.
The boomerang hits the steam dragon but does no damage.
The steam dragon breathes steam at you. The ball of steam hits you!
a - a +0 war axe (weapon)
A red film seems to cover your vision as you go berserk!
You feel yourself moving faster!
You feel mighty!
You can no longer call in reinforcements.
You feel a strong urge to attack something.
You are engulfed in a cloud of scalding steam.
You feel your anger nearly subside.
You are no longer berserk.
You are exhausted.
You feel yourself slow down.
You completely miss the steam dragon. The steam dragon bites you.
The steam dragon barely misses you.
You hit the steam dragon but do no damage.
Your headbutt misses the steam dragon. The steam dragon closely misses you.
The steam dragon claws you but does no damage.
The steam dragon bites you. The steam dragon closely misses you.
You closely miss the steam dragon. You headbutt the steam dragon.
The steam dragon is lightly wounded.
The steam dragon bites you.
The steam dragon claws you but does no damage.
You hit the steam dragon.
The steam dragon is lightly wounded.
The steam dragon closely misses you. The steam dragon barely misses you.
You closely miss the steam dragon.
The steam dragon is lightly wounded.
The steam dragon closely misses you. The steam dragon claws you.
The steam dragon breathes steam at you. The ball of steam hits you.
You hear a bark!
You hit the steam dragon.
The steam dragon is moderately wounded.
You are engulfed in a cloud of scalding steam.
* * * LOW HITPOINT WARNING * * *
The steam dragon breathes steam at you. The ball of steam hits you!!
You die...

......)................
......................#
####.....##+##........#
#.....# #.....?..# #.....+
#........# #.....#
+........#
#+##.....#####........##
........................
..............ยงยง@D......
........................
........................
........................
........................
....###+####+##+####....
....#........# ....
....#........# ...
....#........#


You could see a steam dragon (catching breath).

Vanquished Creatures
  Sigmund (D:3)
  An ogre (D:3)
  A scorpion (D:4)
  A howler monkey (D:3)
  2 orc priests
  An iguana (D:5)
  Natasha (thrice) (D:3)
  7 orc wizards
  3 gnolls (D:3)
  6 adders
  2 worms
  6 dart slugs
  14 orcs
  7 ball pythons
  6 endoplasms
  4 giant cockroaches
  5 goblins
  8 hobgoblins
  8 jackals
  5 quokkas
  4 bats
  6 frilled lizards
  4 kobolds
  3 rats
108 creatures vanquished.

Notes
Turn   | Place    | Note
-------+----------+-------------------------------------------
     0 | D:1      | BuddhaDhamma the Minotaur Berserker began the quest for the
                  | Orb.
     0 | D:1      | Reached XP level 1. HP: 19/19 MP: 0/0
     6 | D:1      | Noticed an iguana
     6 | D:1      | Noticed a swamp worm
     7 | D:1      | Noticed a hound
     7 | D:1      | Noticed a salamander
   128 | D:1      | Found a faded altar of an unknown god.
   164 | D:1      | Reached skill level 4 in Axes
   226 | D:1      | Reached XP level 2. HP: 20/26 MP: 1/1
   565 | D:1      | Reached skill level 5 in Axes
   716 | D:1      | Reached XP level 3. HP: 31/31 MP: 2/2
   942 | D:1      | Reached ** piety under Trog
  1285 | D:2      | Identified the +5 ring mail "Kauryfall" {Int+7}
  1354 | D:2      | Reached skill level 6 in Axes
  1354 | D:2      | Reached XP level 4. HP: 33/39 MP: 3/3
  1878 | D:3      | Reached skill level 7 in Axes
  1878 | D:3      | Reached XP level 5. HP: 33/45 MP: 4/4
  1882 | D:3      | Noticed Sigmund
  1917 | D:3      | Killed Sigmund
  1918 | D:3      | Reached skill level 8 in Axes
  1918 | D:3      | Reached XP level 6. HP: 19/51 MP: 5/5
  2123 | D:3      | Reached *** piety under Trog
  2129 | D:3      | Reached skill level 9 in Axes
  2314 | D:3      | Noticed Natasha
  2323 | D:3      | Killed Natasha
  2338 | D:3      | Noticed Natasha
  2349 | D:3      | Reached XP level 7. HP: 55/57 MP: 6/6
  2350 | D:3      | Killed Natasha
  2411 | D:3      | Noticed Natasha
  2437 | D:3      | Killed Natasha
  2750 | D:3      | Reached skill level 10 in Axes
  2840 | D:4      | Found a transporter.
  3170 | D:4      | Found a hide-covered altar of Uskayaw.
  3234 | D:4      | Found a transporter.
  3239 | D:4      | Noticed CrabNicholson's ghost (novice DjGl)
  3593 | D:5      | Entered Level 5 of the Dungeon
  3641 | D:4      | Reached skill level 11 in Axes
  3646 | D:5      | Reached **** piety under Trog
  3882 | D:5      | Identified the +8 sling of Burning Watchfulness {vorpal,
                  | Fragile rCorr Str+4}
  3901 | D:5      | Noticed a steam dragon
  3915 | D:5      | Killed from afar by a steam dragon

Illustrated notes

Levels and vault maps discovered:
D:1:      onia_arrival_zoo_common, layout_loops_ring, basic_ecumenical_altar,
          minmay_pentomino_t4
D:2:      layout_basic
D:3:      layout_rooms, uniq_sigmund, uniq_natasha
D:4:      layout_cave_pools, lemuel_tele_altar, gammafunk_ghost_stat_death
D:5:      layout_gridville, uniq_duvessa

Skill      XL: |  1  2  3  4  5  6  7 |
---------------+----------------------+-----
Axes           | 4 5 6 7 8 9 11 | 11.2
Fighting       | |  3.6
Armour         | |  2.4
Dodging        | |  2.1

Action                   |  1- 3 |  4- 6 |  7- 9 || total
-------------------------+-------+-------+-------++-------
Melee: Hand axe          |    81 |    86 |    47 ||   214
       Headbutt          |    12 |    17 |    17 ||    46
       War axe           |       |       |    31 ||    31
       Punch             |       |       |     2 ||     2
Throw: Boomerang         |       |       |     6 ||     6
Invok: Berserk           |       |     2 |     2 ||     4
       Trog's Hand       |       |     1 |       ||     1
  Use: Scroll            |     2 |     6 |     5 ||    13
       Potion            |       |     2 |       ||     2
Armor: Animal skin       |     2 |       |       ||     2
       Leather armour    |    12 |       |       ||    12
       Ring mail         |     6 |    43 |    44 ||    93
Dodge: Dodged            |    48 |    40 |    39 ||   127
